[Event "Titled Tuesday Blitz January 10 Early 2023"]
[White "Bagwe Gaurang"]
[Black "Klukin, Kirill"]
[WhiteFideId "45039895"]
[BlackFideId "24199273"]
[WhiteElo "2067"]
[BlackElo "2390"]
[Result "0-1"]
[Round "08"]
[TimeControl "180+2"]
[Date "2023.01.10"]
[WhiteClock "0:00:03"]
[BlackClock "0:00:18"]

1. e4 c5 2. Nf3 Nc6 3. c3 Nf6 4. e5 Nd5 5. d4 cxd4 6. cxd4 d6 7. exd6 Qxd6 8. Bd3 Bg4 9. h3 Bh5 10. Nc3 e6 11. Ne4 Qc7 12. Be3 Bb4+ 13. Kf1 O-O 14. g4 Bg6 15. Kg2 Rad8 16. Rc1 Qe7 17. a3 Ba5 18. b4 Bb6 19. Re1 e5 20. Nc5 e4 21. b5 exf3+ 22. Qxf3 Bxc5 23. bxc6 Bxd3 24. Bd2 Qf6 25. Qxd3 Bxd4 26. cxb7 Qxf2+ 27. Kh1 Nf4 28. Bxf4 Qxf4 29. Rc4 Qf2 30. Rd1 Bb6 31. Qxd8 Bxd8 32. Rxd8 Rxd8 33. Rc8 Qf3+ 0-1


[Site "https://www.chess.com"]

[Event "Titled Tuesday Blitz January 10 Early 2023"]
[White "Goltseva, Ekaterina"]
[Black "Sadubayev, Airat"]
[WhiteFideId "24173770"]
[BlackFideId "13713264"]
[WhiteElo "2283"]
[BlackElo "2320"]
[Result "0-1"]
[Round "08"]
[TimeControl "180+2"]
[Date "2023.01.10"]
[WhiteClock "0:00:03"]
[BlackClock "0:00:06"]

1. d4 d5 2. c4 c6 3. cxd5 cxd5 4. Bf4 Nc6 5. e3 Nf6 6. Nc3 Bf5 7. Qb3 Na5 8. Qa4+ Bd7 9. Qc2 e6 10. Bd3 Rc8 11. Nf3 Bb4 12. O-O O-O 13. Rfc1 a6 14. Qd2 Bb5 15. Ne5 Bxd3 16. Qxd3 Nc4 17. Nxc4 Rxc4 18. Bg5 h6 19. Bh4 Qe7 20. a3 Bxc3 21. Rxc3 Rfc8 22. Rac1 b5 23. f3 Qc7 24. Be1 Qb7 25. b3 Rxc3 26. Rxc3 Rxc3 27. Qxc3 Kh7 28. Qc2+ Kg8 29. Qc5 Ne8 30. Ba5 Kh7 31. h3 Nf6 32. Bd8 Kg8 33. Bxf6 gxf6 34. Qd6 Qc8 35. Kh2 Kh7 36. b4 Kg7 37. Kg3 Kg6 38. Kh2 Kh7 39. e4 dxe4 40. fxe4 Kg7 41. d5 Qc4 42. Qg3+ Kh7 43. d6 Qd4 44. Qf4 Kg7 45. Qg3+ Kf8 46. Qf4 Ke8 47. Qxh6 Qxd6+ 48. Kh1 Qd1+ 49. Kh2 Qd6+ 50. Kh1 Qe5 51. Qh4 Qa1+ 52. Kh2 Qxa3 53. Qxf6 Qxb4 54. h4 Qe7 55. Qd4 Qxh4+ 56. Kg1 Qe1+ 57. Kh2 Qh4+ 58. Kg1 Qg5 59. Qa7 Qc1+ 60. Kh2 Qc6 61. Qb8+ Ke7 62. e5 Qd7 63. Qa7 Qxa7 0-1


[Site "https://www.chess.com"]

[Event "Titled Tuesday Blitz January 10 Early 2023"]
[White "Mkrtchian, Lilit"]
[Black "Papasimakopoulos, Alexandros"]
[WhiteFideId "13300601"]
[BlackFideId "4244125"]
[WhiteElo "2389"]
[BlackElo "2401"]
[Result "0-1"]
[Round "08"]
[TimeControl "180+2"]
[Date "2023.01.10"]
[WhiteClock "0:00:01"]
[BlackClock "0:01:15"]

1. Nf3 f5 2. g3 Nf6 3. Bg2 g6 4. O-O Bg7 5. d4 O-O 6. c4 d6 7. Nc3 e6 8. Qc2 Nc6 9. Rd1 Bd7 10. e4 fxe4 11. Nxe4 Nxe4 12. Qxe4 Qf6 13. Bg5 Qf7 14. Be3 h6 15. Rac1 d5 16. Qc2 g5 17. h4 g4 18. Ne5 Nxe5 19. dxe5 c6 20. Bc5 Rfe8 21. Bd6 Rac8 22. c5 b6 23. b4 Qf5 24. Re1 Qxc2 25. Rxc2 Red8 26. Bf1 Be8 27. Ba6 Bg6 28. Rd2 Rb8 29. Bxb8 Rxb8 30. Bd3 Bxd3 31. Rxd3 bxc5 32. bxc5 Rb5 33. Ra3 a5 34. Rc1 Kf7 35. f4 gxf3 36. Rxf3+ Kg6 37. Re3 h5 38. Rc2 Bf8 39. Rb3 Rxc5 40. Rxc5 Bxc5+ 41. Kg2 Bd4 42. Rb7 c5 43. Ra7 Bc3 44. Ra6 Kf5 45. Kf3 d4 46. Rc6 Bb4 47. Ke2 Kxe5 48. Kd3 Kd5 49. Rc8 c4+ 50. Rxc4 e5 51. Rc8 e4+ 52. Ke2 d3+ 53. Ke3 Bc5+ 54. Kd2 Kd4 55. Rd8+ Kc4 56. Re8 e3+ 57. Kd1 e2+ 0-1


[Site "https://www.chess.com"]

[Event "Titled Tuesday Blitz January 10 Early 2023"]
[White "Hsu, Li Yang"]
[Black "Defend, Balint"]
[WhiteFideId "5800080"]
[BlackFideId "17004853"]
[WhiteElo "2427"]
[BlackElo "1673"]
[Result "1/2-1/2"]
[Round "08"]
[TimeControl "180+2"]
[Date "2023.01.10"]
[WhiteClock "0:00:16"]
[BlackClock "0:00:18"]

1. Nf3 Nf6 2. g3 e6 3. Bg2 d5 4. O-O b6 5. d4 Bb7 6. c4 dxc4 7. Qa4+ Nbd7 8. Qxc4 Rc8 9. Qa4 a6 10. Ne5 Bxg2 11. Kxg2 Ra8 12. Qc6 Bd6 13. Bf4 O-O 14. Rc1 Rc8 15. Nc3 Qe7 16. Rc2 Nb8 17. Qb7 Nh5 18. Rac1 Nxf4+ 19. gxf4 c5 20. Qxe7 Bxe7 21. Na4 b5 22. Nxc5 Rfd8 23. e3 a5 24. Kf3 Rc7 25. Ne4 Rxc2 26. Rxc2 f6 27. Nd3 Kf7 28. Rc7 Rd7 29. Rc8 Na6 30. Ra8 Nb4 31. Nxb4 axb4 32. Rb8 Rd5 33. Ke2 Rh5 34. Ng3 Rxh2 35. Rxb5 g6 36. a4 bxa3 37. bxa3 Bxa3 38. Rb7+ Be7 39. Ne4 f5 40. Ng5+ Kf6 41. Rb6 Kg7 42. Nxe6+ Kf7 43. Ng5+ Ke8 44. Rb8+ Kd7 45. Rb7+ Ke8 46. d5 h6 47. Ne6 h5 48. Nd4 h4 49. Nc6 Bd6 50. Rh7 h3 51. Kf3 Rh1 52. Kg3 Rd1 53. Nd4 Bc5 54. Ne6 Be7 55. Rxh3 Kf7 56. Rh7+ Kf6 57. Nd4 Bc5 58. Nf3 Rxd5 59. Rc7 Bd6 60. Rc6 Kg7 61. Nd4 Kf6 62. Kf3 Ke7 63. Ne2 Rc5 64. Ra6 Rc7 65. Ra5 Ke6 66. Ra4 Rc5 67. Nd4+ Kd5 68. Ra6 Rc4 69. Ra5+ Bc5 70. Ra2 Rc3 71. Rd2 Kc4 72. Ne6 Be7 73. Rd7 Bh4 74. Rd4+ Kb5 75. Rd2 Rc1 76. Nf8 Rc6 77. Rb2+ Ka4 78. Nd7 Ka3 79. Rd2 Kb3 80. Ne5 Kc3 81. Nxc6 Kxd2 82. Ne5 g5 83. fxg5 Bxg5 84. Nc4+ Kd3 85. Nd6 f4 86. exf4 Bf6 87. Ne4 Be7 88. Ng3 Kd4 89. f5 Ke5 90. Kg4 Kf6 91. Nh5+ Kf7 92. Ng3 Bd8 93. Ne4 Be7 94. f4 Bd8 95. Ng5+ Kf6 96. Ne4+ Kf7 97. Kf3 Be7 98. Ke3 Bd8 99. Ng5+ Kf6 100. Ke4 Be7 101. Nf3 Bd6 102. Ne5 Be7 103. Nd3 Bd6 104. Nf2 Be7 105. Ng4+ Kf7 106. Ne3 Kf6 107. Nd5+ Kf7 108. Ke5 Bd8 109. f6 Ba5 110. Kf5 Bd2 111. Nc7 Bc3 112. Nd5 Bb2 113. Kg5 Ba1 114. Kf5 Bb2 115. Kg5 Ba1 116. f5 Bb2 117. Nf4 Bxf6+ 118. Kg4 Be5 119. Nd5 Bf6 120. Kf3 Be5 121. Ke4 Bf6 122. Ne3 Bh4 123. Nc4 Bf6 124. Kd5 Bg5 125. Ke4 Kf6 126. Nd6 Bh6 127. Nc4 Kf7 128. Nb6 Bg7 129. Nd5 Bf6 130. Kf4 Be7 131. Kg4 Bf6 132. Kh5 Bg7 133. Kg5 Ba1 134. Kf4 Bb2 135. Ke4 Ba1 136. Ne3 Bb2 137. Nc4 Ba1 138. Nd6+ Kf6 139. Nb5 Kf7 140. Nc7 Kf6 141. Ne6 Bb2 142. Nf4 Ba1 143. Nd3 Kf7 144. Nf2 Kf6 145. Ng4+ Kf7 146. Kf4 Bb2 147. Kg5 Bc1+ 148. Kh5 Bb2 149. Kg5 Bc1+ 150. Kh4 Bb2 151. Kg3 Bc1 152. Kf3 Bb2 153. Ke4 Ba1 154. Kf4 Bb2 155. f6 Bxf6 1/2-1/2


[Site "https://www.chess.com"]

[Event "Titled Tuesday Blitz January 10 Early 2023"]
[White "Liyanage, Ranindu Dilshan"]
[Black "surrenderPLS"]
[WhiteFideId "9915834"]
[WhiteElo "2342"]
[BlackElo "2533"]
[Result "0-1"]
[Round "08"]
[TimeControl "180+2"]
[Date "2023.01.10"]
[WhiteClock "0:00:22"]
[BlackClock "0:00:13"]

1. e4 c5 2. Nc3 d6 3. f4 g6 4. Nf3 Bg7 5. Bb5+ Bd7 6. Bc4 Nc6 7. d3 e6 8. f5 exf5 9. exf5 Bxf5 10. O-O Nge7 11. Bg5 h6 12. Bf4 Qd7 13. Re1 O-O 14. Qd2 Kh7 15. Rab1 a6 16. Bd5 Bxc3 17. bxc3 Nxd5 18. Bxh6 Rfe8 19. c4 Nf6 20. Bg5 Ng4 21. Qf4 f6 22. h3 fxg5 23. Nxg5+ Kg8 24. hxg4 Bxg4 25. Qf6 Qg7 26. Qxd6 Rxe1+ 27. Rxe1 Qd4+ 28. Qxd4 cxd4 29. Ne4 Kg7 30. Nd6 b6 31. Rb1 Rd8 32. Ne4 Rb8 33. a4 a5 34. Nd6 Nb4 35. Rb2 Rd8 36. Ne4 Bd1 37. Ng5 Re8 38. Rb1 Bxc2 39. Rf1 Re7 40. Nf3 Bxd3 41. Rd1 Be2 42. Rxd4 Bxf3 43. gxf3 Re3 44. Kf2 Ra3 45. Rd6 Nd3+ 46. Kg3 Ne5 47. Rxb6 Rxf3+ 48. Kg2 Ra3 49. c5 Rxa4 50. Re6 Nd3 51. c6 Nf4+ 0-1


[Site "https://www.chess.com"]

[Event "Titled Tuesday Blitz January 10 Early 2023"]
[White "Godzwon, Iwo"]
[Black "Florescu, Codrut-Constantin"]
[WhiteFideId "21802483"]
[BlackFideId "1202200"]
[WhiteElo "2394"]
[BlackElo "2259"]
[Result "1-0"]
[Round "08"]
[TimeControl "180+2"]
[Date "2023.01.10"]
[WhiteClock "0:00:15"]
[BlackClock "0:00:21"]

1. e4 c5 2. Nf3 e6 3. d4 cxd4 4. Nxd4 a6 5. c4 Nf6 6. Nc3 Bb4 7. Nc2 Bxc3+ 8. bxc3 O-O 9. e5 Ne4 10. Ba3 Re8 11. Qd4 f5 12. exf6 Nxf6 13. Bd3 Nc6 14. Qd6 b5 15. O-O bxc4 16. Bxc4 Qa5 17. Rfe1 Qxc3 18. Bb3 Rb8 19. Ne3 Qd4 20. Nf5 Qxd6 21. Nxd6 Rd8 22. Rac1 Na5 23. Ba4 Bb7 24. Bc5 Bc6 25. Bc2 Nb7 26. Ba3 Nxd6 27. Bxd6 Ra8 28. Bd3 Rdc8 29. f3 Bb5 30. Bb1 Nd5 31. Be4 Bc6 32. a3 Nf6 33. Bb1 Bd5 34. Bd3 Rxc1 35. Rxc1 Bc6 36. Rb1 Nd5 37. Kf2 a5 38. Rb2 a4 39. h4 g6 40. Rb1 Nf6 41. Rb4 Ne8 42. Be5 d6 43. Bd4 e5 44. Be3 Nf6 45. Rb6 Rc8 46. Bg5 Nd5 47. Bc4 Kf7 48. Rxc6 Rb8 49. Bxd5+ Kf8 50. Rxd6 h6 51. Bf6 Ke8 52. Bxe5 Rb1 53. Rxg6 Ke7 54. Rxh6 Rd1 55. Be4 Kf8 56. Kg3 Re1 57. Kf4 Kg8 58. g4 Ra1 59. Kg5 Rxa3 60. Bd5+ Kf8 61. Bd6+ Ke8 62. Bxa3 Kd7 63. Rh7+ 1-0


[Site "https://www.chess.com"]

[Event "Titled Tuesday Blitz January 10 Early 2023"]
[White "Mirzoev, Azer"]
[Black "Pein, Jonathan"]
[WhiteFideId "13400304"]
[BlackFideId "417092"]
[WhiteElo "2416"]
[BlackElo "2265"]
[Result "1-0"]
[Round "08"]
[TimeControl "180+2"]
[Date "2023.01.10"]
[WhiteClock "0:00:08"]
[BlackClock "0:00:02"]

1. c4 g6 2. Nc3 Bg7 3. Nf3 e5 4. g3 Ne7 5. Bg2 O-O 6. d4 exd4 7. Nxd4 Nbc6 8. Nc2 d6 9. h4 Be6 10. Ne3 Ne5 11. Bxb7 Nxc4 12. Nxc4 Bxc4 13. h5 Rb8 14. Bf3 Nf5 15. hxg6 hxg6 16. O-O Qd7 17. Bd5 Ba6 18. Re1 Rfe8 19. e3 Be5 20. Bg2 Bb7 21. Nd5 c6 22. Nf4 Kg7 23. Bd2 Bxb2 24. Rb1 Be5 25. Qa4 Ba8 26. Rec1 d5 27. Rxb8 Rxb8 28. Nxd5 Rd8 29. Bc3 Bxc3 30. Nxc3 Qd2 31. Qc2 Qd6 32. Ne4 Qe5 33. a4 c5 34. Qxc5 Rd1+ 35. Kh2 Rd5 36. Qc3 Qxc3 37. Nxc3 Rd8 38. Bxa8 Rxa8 39. Kg2 Rb8 40. g4 Nd6 41. Rd1 Nc4 42. Rd4 Ne5 43. Kg3 Rb3 44. Ne4 a5 45. g5 Rb4 46. Nc5 Nc6 47. Rxb4 axb4 48. Kf4 Na5 49. Nd3 b3 50. Nb2 1-0


[Site "https://www.chess.com"]

[Event "Titled Tuesday Blitz January 10 Early 2023"]
[White "Shuvalova, Polina"]
[Black "Ladan, Nicholas"]
[WhiteFideId "24171760"]
[BlackFideId "30918855"]
[WhiteElo "2484"]
[BlackElo "2228"]
[Result "1-0"]
[Round "08"]
[TimeControl "180+2"]
[Date "2023.01.10"]
[WhiteClock "0:00:42"]
[BlackClock "0:00:29"]

1. d4 d5 2. Nf3 Nf6 3. Bf4 c5 4. e3 Nc6 5. Nbd2 cxd4 6. exd4 Bf5 7. Bb5 e6 8. Ne5 Qb6 9. c4 a6 10. Bxc6+ bxc6 11. Qa4 Bb4 12. Nxc6 Bxd2+ 13. Bxd2 O-O 14. Bb4 Rfe8 15. c5 Qc7 16. Ne5 a5 17. Bc3 Ng4 18. Nxg4 Bxg4 19. h3 Bf5 20. O-O Qf4 21. Rfe1 Rec8 22. Re3 Rxc5 23. g3 Rc4 24. Qxc4 Qxe3 25. Qc6 Qf3 26. Qxa8# 1-0


[Site "https://www.chess.com"]

[Event "Titled Tuesday Blitz January 10 Early 2023"]
[White "Sokolovsky, Yahli"]
[Black "Vagman, Roy"]
[WhiteFideId "2820242"]
[BlackFideId "2828995"]
[WhiteElo "2461"]
[BlackElo "2273"]
[Result "1-0"]
[Round "08"]
[TimeControl "180+2"]
[Date "2023.01.10"]
[WhiteClock "0:00:14"]
[BlackClock "0:00:01"]

1. b3 c5 2. Bb2 Nc6 3. e3 a6 4. d4 cxd4 5. exd4 d5 6. Nf3 Nf6 7. a3 Bg4 8. Bd3 e6 9. Nbd2 Bd6 10. O-O O-O 11. h3 Bh5 12. Qe1 Rc8 13. Qe3 Qc7 14. Ne5 Nd7 15. f4 f6 16. Nxc6 Qxc6 17. Qxe6+ Bf7 18. Qe3 Rce8 19. Qf3 Kh8 20. Rae1 Qc7 21. g3 b5 22. Qf2 b4 23. axb4 Bxb4 24. Rxe8 Rxe8 25. Re1 Rg8 26. c3 Bd6 27. Bxa6 g5 28. Bd3 gxf4 29. g4 Nf8 30. Qh4 Kg7 31. Nf3 Ng6 32. Qf2 Ra8 33. Ra1 Re8 34. Re1 Ra8 35. Bb1 Qb6 36. Qc2 Rb8 37. b4 Qc7 38. h4 Qd7 39. Qg2 Kh8 40. h5 Nf8 41. Nh4 Be6 42. Nf5 Bc7 43. Qf2 Re8 44. Qh4 Bd8 45. Bc1 Bxf5 46. Bxf5 Qf7 47. Bxf4 Rxe1+ 48. Qxe1 Be7 49. b5 Qe8 50. b6 Qd8 51. b7 Bd6 52. Qg3 Bxf4 53. Qxf4 Qb6 54. b8=Q Qa6 55. Qxf8# 1-0


[Site "https://www.chess.com"]

[Event "Titled Tuesday Blitz January 10 Early 2023"]
[White "Barrientos, Sergio E"]
[Black "Ljukin, Sergei"]
[WhiteFideId "4401824"]
[BlackFideId "14102200"]
[WhiteElo "2479"]
[BlackElo "2362"]
[Result "1-0"]
[Round "08"]
[TimeControl "180+2"]
[Date "2023.01.10"]
[WhiteClock "0:00:55"]
[BlackClock "0:00:04"]

1. e4 e6 2. d4 d5 3. Nc3 Bb4 4. Ne2 Nc6 5. a3 Ba5 6. b4 Bb6 7. Be3 Nge7 8. f3 O-O 9. e5 Nxe5 10. Ng3 Nc4 11. Bxc4 dxc4 12. Bf2 Nf5 13. Nxf5 exf5 14. O-O c6 15. Re1 Be6 16. Rb1 Qd7 17. a4 Rad8 18. Ne2 a6 19. c3 Bc7 20. Qd2 h6 21. Bg3 g5 22. Bxc7 Qxc7 23. Ng3 f4 24. Ne4 Kg7 25. Qf2 Bd5 26. a5 Rfe8 27. Nc5 Qc8 28. Re5 Rxe5 29. dxe5 Be6 30. Re1 Rd5 31. h3 Qc7 32. Qe2 Qc8 33. Qxc4 Qc7 34. Qe4 b6 35. axb6 Qxb6 36. Ra1 Qc7 37. Ra5 Rxe5 38. Qd4 Kf6 39. Ne4+ Kf5 40. Nd6+ 1-0


[Site "https://www.chess.com"]

[Event "Titled Tuesday Blitz January 10 Early 2023"]
[White "Tymrakiewicz, Rafal"]
[Black "Blanco Ronquillo, Humberto L."]
[WhiteFideId "1108832"]
[BlackFideId "3504239"]
[WhiteElo "2144"]
[BlackElo "2442"]
[Result "0-1"]
[Round "08"]
[TimeControl "180+2"]
[Date "2023.01.10"]
[WhiteClock "0:00:08"]
[BlackClock "0:00:34"]

1. d4 Nf6 2. Bg5 e6 3. Nd2 h6 4. Bh4 d5 5. e3 Be7 6. Bd3 b6 7. f4 Bb7 8. Bxf6 Bxf6 9. Ndf3 Nd7 10. Nh3 Be7 11. O-O O-O 12. Ne5 c5 13. c3 Nf6 14. Nf2 Ne4 15. Nxe4 dxe4 16. Be2 a6 17. a4 Qc7 18. Bh5 Bd6 19. Qg4 f5 20. Qd1 b5 21. Be2 Bxe5 22. fxe5 Qb6 23. axb5 axb5 24. Qb3 b4 25. Bc4 Rae8 26. g3 Kh8 27. Ra4 Bc6 28. Ra6 Qb7 29. Rfa1 cxd4 30. cxd4 Bb5 31. Ra7 Qc6 32. Bxb5 Qxb5 33. Qd1 Rc8 34. Qh5 Qd3 35. Re1 Qd2 36. Qe2 Rc2 37. Qxd2 Rxd2 38. Re7 Rc8 39. Rxe6 Rcc2 40. Rg6 Rg2+ 41. Kh1 Rxh2+ 42. Kg1 Rcg2+ 43. Kf1 Rxb2 44. e6 Rh1# 0-1


[Site "https://www.chess.com"]

[Event "Titled Tuesday Blitz January 10 Early 2023"]
[White "Szpar, Milosz"]
[Black "Flynn, Jacob"]
[WhiteFideId "1184989"]
[BlackFideId "2509393"]
[WhiteElo "2447"]
[BlackElo "2102"]
[Result "0-1"]
[Round "08"]
[TimeControl "180+2"]
[Date "2023.01.10"]
[WhiteClock "0:00:13"]
[BlackClock "0:00:50"]

1. e4 e5 2. Nf3 Nc6 3. Bb5 a6 4. Ba4 Nf6 5. O-O Be7 6. d3 b5 7. Bb3 d6 8. a3 O-O 9. Nc3 Na5 10. Ba2 Be6 11. Nd5 c5 12. b4 Nc6 13. c3 h6 14. h3 a5 15. bxc5 dxc5 16. c4 b4 17. a4 Ne8 18. Be3 Nc7 19. Qd2 Rb8 20. Bb3 Qd7 21. Nh2 Nd4 22. Bxd4 cxd4 23. f4 f6 24. Nf3 Bxd5 25. cxd5 Bd6 26. Rac1 Na6 27. Bc4 Nc5 28. Bb5 Rxb5 29. axb5 Qxb5 30. fxe5 fxe5 31. Nh4 Nb3 32. Rxf8+ Bxf8 33. Qf2 Nxc1 34. Ng6 Qe8 35. Qf5 Nxd3 36. Kh2 Nf4 37. Nxe5 Nh5 38. Ng6 Nf6 39. e5 Nxd5 40. e6 Bd6+ 41. g3 Nf6 42. Kg1 b3 43. e7 Bxe7 44. Qe6+ Kh7 45. Nxe7 b2 46. Qf5+ g6 47. Qxf6 b1=Q+ 48. Kh2 Qc2+ 49. Kg1 Qd1+ 50. Kh2 Qe2+ 51. Kg1 Q2xe7 0-1


[Site "https://www.chess.com"]

[Event "Titled Tuesday Blitz January 10 Early 2023"]
[White "Oro, Faustino"]
[Black "Fernandez Garcia, Gumersindo"]
[WhiteFideId "20000197"]
[BlackFideId "24516740"]
[WhiteElo "2269"]
[BlackElo "2160"]
[Result "0-1"]
[Round "08"]
[TimeControl "180+2"]
[Date "2023.01.10"]
[WhiteClock "0:00:01"]
[BlackClock "0:00:40"]

1. Nf3 Nf6 2. g3 g6 3. Bg2 Bg7 4. O-O O-O 5. d4 d6 6. c4 Nbd7 7. Nc3 e5 8. e4 exd4 9. Nxd4 Re8 10. Re1 a6 11. Qc2 Rb8 12. Nb3 Ne5 13. Nd5 c6 14. Nxf6+ Qxf6 15. Bf4 Be6 16. c5 Bxb3 17. axb3 dxc5 18. Rad1 Rbd8 19. h4 h6 20. Rxd8 Rxd8 21. Rd1 Rxd1+ 22. Qxd1 Qe7 23. Bh3 Kh7 24. Kg2 c4 25. Bc8 Nd3 26. Qf3 Nxf4+ 27. gxf4 cxb3 28. e5 Qc7 29. Bh3 c5 30. Qd5 Qc6 31. Qxc6 bxc6 32. Kf3 g5 33. hxg5 hxg5 34. Bf1 a5 35. Bc4 a4 36. Bxf7 gxf4 37. Kxf4 Bh6+ 38. Ke4 Bc1 39. Kd3 Bxb2 40. f4 Kg7 41. Bc4 Bc1 42. f5 Bb2 43. Ke4 Bc3 44. f6+ Kf8 45. Kf5 b2 46. Ba2 c4 47. e6 Bb4 48. Ke4 c3 49. Kd3 a3 50. e7+ Ke8 51. Kc2 Bd6 52. Bb3 Be5 53. Ba4 Bxf6 54. Bxc6+ Kxe7 55. Bd5 Kd6 56. Bb3 Kc5 57. Ba2 Kb4 58. Bg8 Bg5 59. Ba2 Kc5 60. Bg8 Be7 61. Ba2 Kd4 62. Bg8 Ke3 63. Ba2 Ke2 64. Kxc3 Kd1 65. Bb1 Kc1 66. Be4 b1=Q 67. Bxb1 Kxb1 0-1


[Site "https://www.chess.com"]

[Event "Titled Tuesday Blitz January 10 Early 2023"]
[White "Ashraf, Artin"]
[Black "Wahedi, Ahmad Siar"]
[WhiteFideId "22514805"]
[BlackFideId "4651260"]
[WhiteElo "2314"]
[BlackElo "2274"]
[Result "1-0"]
[Round "08"]
[TimeControl "180+2"]
[Date "2023.01.10"]
[WhiteClock "0:00:11"]
[BlackClock "0:00:08"]

1. c4 c6 2. Nf3 d5 3. g3 Nf6 4. Bg2 Bf5 5. O-O e6 6. b3 h6 7. d3 Nbd7 8. Bb2 Be7 9. Nbd2 O-O 10. a3 Re8 11. Re1 Bg6 12. Ra2 b5 13. Qa1 bxc4 14. bxc4 Rb8 15. Ne5 Nxe5 16. Bxe5 Bd6 17. Nf3 dxc4 18. dxc4 Bxe5 19. Nxe5 Qc7 20. Nxc6 Rb3 21. Rb2 Rxb2 22. Qxb2 Ne4 23. Ne5 Bh7 24. Rc1 Rb8 25. Qa1 Nd2 26. Qc3 Nb3 27. Rd1 Nc5 28. Nc6 Re8 29. Qe3 Na4 30. c5 Bg6 31. h4 h5 32. Rd6 Kf8 33. Qd4 e5 34. Qxa4 e4 35. Qxa7 Qc8 36. Qb6 Qf5 37. Rd8 Qe6 38. Rxe8+ Qxe8 39. Qd8 Qxd8 40. Nxd8 Ke8 41. Nc6 f5 42. Ne5 Bh7 43. Nc4 Kd8 44. Nd6 Kc7 45. Ne8+ Kc6 46. Nxg7 Kxc5 47. Nxh5 Bg6 48. Nf4 Be8 49. e3 Kb5 50. Bh3 Ka4 51. Bxf5 Kxa3 52. Bxe4 Kb4 53. h5 Kc5 54. h6 Kd6 55. h7 Ke5 56. h8=Q+ Kxe4 57. Qxe8+ Kf3 58. Qc6+ Kg4 59. Kg2 Kg5 60. Qg6# 1-0


[Site "https://www.chess.com"]

[Event "Titled Tuesday Blitz January 10 Early 2023"]
[White "Jakubowski, Krzysztof"]
[Black "Gjestemoen-VonHirsch, Andre"]
[WhiteFideId "1112848"]
[BlackFideId "1539531"]
[WhiteElo "2486"]
[BlackElo "2314"]
[Result "1-0"]
[Round "08"]
[TimeControl "180+2"]
[Date "2023.01.10"]
[WhiteClock "0:00:53"]
[BlackClock "0:00:05"]

1. e4 c5 2. Nf3 Nc6 3. d4 cxd4 4. Nxd4 g6 5. Nc3 Bg7 6. Be3 Nf6 7. Bc4 O-O 8. Bb3 Re8 9. O-O d6 10. h3 Bd7 11. Qd2 a6 12. Rad1 b5 13. a3 Na5 14. Rfe1 Nxb3 15. Nxb3 Qc7 16. Bh6 Bc6 17. Bxg7 Kxg7 18. Re3 a5 19. Rde1 b4 20. axb4 axb4 21. Nd5 Bxd5 22. exd5 Rac8 23. R1e2 Qc4 24. Rd3 e6 25. Rd4 Qc7 26. dxe6 Rxe6 27. Rxe6 fxe6 28. Rxb4 Qxc2 29. Rb7+ Kg8 30. Qf4 Qb1+ 31. Kh2 Qf5 32. Qh6 Qe5+ 33. f4 1-0


[Site "https://www.chess.com"]

[Event "Titled Tuesday Blitz January 10 Early 2023"]
[White "Mohamed Anees M"]
[Black "Jaskolka, Tomasz"]
[WhiteFideId "35065815"]
[BlackFideId "1170791"]
[WhiteElo "2315"]
[BlackElo "2238"]
[Result "1-0"]
[Round "08"]
[TimeControl "180+2"]
[Date "2023.01.10"]
[WhiteClock "0:00:52"]
[BlackClock "0:00:35"]

1. d4 d5 2. c4 c6 3. Nf3 Nf6 4. e3 a6 5. b3 Bg4 6. h3 Bh5 7. Bb2 e6 8. Bd3 Bd6 9. Nbd2 Nbd7 10. O-O O-O 11. Qc2 Bg6 12. Ne5 Bxd3 13. Qxd3 dxc4 14. Ndxc4 Bc7 15. Rfd1 Nb6 16. e4 Nxc4 17. Nxc4 Qd7 18. Qf3 Ne8 19. d5 cxd5 20. exd5 exd5 21. Rxd5 Qc6 22. Rad1 b5 23. Ne3 Nf6 24. Bxf6 Qxf6 25. Qxf6 gxf6 26. Rd7 Be5 27. Nd5 Kg7 28. f4 Bb2 29. Nc7 Rac8 30. Ne6+ Kg6 31. Nxf8+ Rxf8 32. Rd8 Rxd8 33. Rxd8 Kf5 34. g3 h5 35. Ra8 h4 36. Kg2 hxg3 37. Kxg3 Bc1 38. Rxa6 Bxf4+ 39. Kf3 Bd2 40. a3 Ke5 41. Rb6 Kd4 42. Rxb5 Kc3 43. a4 1-0


[Site "https://www.chess.com"]

[Event "Titled Tuesday Blitz January 10 Early 2023"]
[White "Golizadeh, Asghar"]
[Black "Royal, Shreyas"]
[WhiteFideId "12505269"]
[BlackFideId "448869"]
[WhiteElo "2455"]
[BlackElo "2438"]
[Result "0-1"]
[Round "08"]
[TimeControl "180+2"]
[Date "2023.01.10"]
[WhiteClock "0:00:03"]
[BlackClock "0:01:06"]

1. Nf3 d5 2. g3 Nf6 3. Bg2 e6 4. O-O Be7 5. c4 O-O 6. Nc3 c6 7. d4 dxc4 8. Ne5 Nbd7 9. Nxc4 c5 10. dxc5 Nxc5 11. Qc2 Bd7 12. Bf4 Bc6 13. Rad1 Qc8 14. Nd6 Bxd6 15. Bxd6 Bxg2 16. Kxg2 Qc6+ 17. f3 Rfd8 18. Bxc5 Qxc5 19. Rxd8+ Rxd8 20. Rd1 Nd5 21. Qd2 h6 22. Kh1 Re8 23. Nxd5 exd5 24. Qxd5 Qf2 25. Qb5 Qxe2 26. Qxe2 Rxe2 27. Rd8+ Kh7 28. Rd7 Rxb2 29. Rxf7 Kg6 30. Rc7 a5 31. h4 b5 32. Rc5 a4 33. Rc6+ Kh7 34. g4 b4 35. g5 hxg5 36. hxg5 Rxa2 37. f4 b3 38. Rb6 Rc2 39. f5 b2 40. g6+ Kh6 41. f6 gxf6 42. Rb4 Rc1+ 43. Kg2 b1=Q 0-1


[Site "https://www.chess.com"]

[Event "Titled Tuesday Blitz January 10 Early 2023"]
[White "Levitan, Caleb Levi"]
[Black "Fiorito, Joaquin"]
[WhiteFideId "14332620"]
[BlackFideId "180173"]
[WhiteElo "2129"]
[BlackElo "2405"]
[Result "0-1"]
[Round "08"]
[TimeControl "180+2"]
[Date "2023.01.10"]
[WhiteClock "0:00:01"]
[BlackClock "0:01:26"]

1. d4 Nf6 2. Bf4 d5 3. e3 c5 4. c3 Nc6 5. Nd2 Bf5 6. Qb3 Qc8 7. c4 dxc4 8. Bxc4 e6 9. Ngf3 a6 10. Bd3 Bxd3 11. Qxd3 cxd4 12. Nxd4 Nxd4 13. exd4 Nd5 14. Qg3 Qd7 15. O-O Nxf4 16. Qxf4 Bd6 17. Qf3 O-O 18. Ne4 Be7 19. Rfd1 Rac8 20. d5 Rfd8 21. d6 Bf8 22. Qg3 Kh8 23. Rac1 Rxc1 24. Rxc1 f5 25. Nc5 Rc8 26. Qe3 Qxd6 0-1


[Site "https://www.chess.com"]

[Event "Titled Tuesday Blitz January 10 Early 2023"]
[White "Sovetbekova, Nurai"]
[Black "Czernek, Tymon"]
[WhiteFideId "13801910"]
[BlackFideId "1199510"]
[WhiteElo "1764"]
[BlackElo "2314"]
[Result "0-1"]
[Round "08"]
[TimeControl "180+2"]
[Date "2023.01.10"]
[WhiteClock "0:00:37"]
[BlackClock "0:00:24"]

1. d4 d5 2. c4 e6 3. Nf3 Nf6 4. g3 Bb4+ 5. Nbd2 O-O 6. Bg2 dxc4 7. Qc2 b5 8. a4 Bb7 9. axb5 Nbd7 10. O-O Nb6 11. Nxc4 Qd5 12. Nxb6 axb6 13. Rxa8 Bxa8 14. Qxc7 Qxb5 15. Bg5 Bxf3 16. Bxf6 Bxg2 17. Bxg7 Bxf1 18. Bxf8 Qd5 19. f3 Qxd4+ 20. Kxf1 Bxf8 21. b3 Bc5 22. Kg2 h6 23. Qc8+ Kg7 24. Qb8 Qf2+ 25. Kh3 Qxe2 26. Qb7 Qf1+ 27. Kg4 Qb1 28. Qc7 Qf5+ 29. Kh4 Kg6 30. g4 Bf2+ 31. Kh3 Qxf3+ 0-1


[Site "https://www.chess.com"]

[Event "Titled Tuesday Blitz January 10 Early 2023"]
[White "Torres Dominguez, David"]
[Black "Pak, Yevgeniy"]
[WhiteFideId "2220857"]
[BlackFideId "14201712"]
[WhiteElo "1994"]
[BlackElo "2384"]
[Result "1-0"]
[Round "08"]
[TimeControl "180+2"]
[Date "2023.01.10"]
[WhiteClock "0:00:37"]
[BlackClock "0:01:14"]

1. e4 c5 2. Nc3 Nc6 3. f4 g6 4. Nf3 Bg7 5. a4 e6 6. d4 cxd4 7. Nb5 d5 8. e5 Nge7 9. Nd6+ Kf8 10. Ng5 Nf5 11. Ndxf7 Qa5+ 12. Bd2 Qb6 13. Nxh8 Bxh8 14. a5 Qxb2 15. Rb1 Qa2 16. Bd3 Ne3 17. Bxe3 dxe3 18. O-O h6 19. Nf3 Qxa5 20. Nh4 Ne7 21. Qg4 e2 22. Bxe2 Qc5+ 23. Kh1 Qxc2 24. Rfc1 Qe4 25. Bf3 Qd3 26. Rd1 Qa3 27. Nxg6+ Nxg6 28. Qxg6 Qe7 29. Rbc1 Bg7 30. Bxd5 exd5 31. Rxc8+ Rxc8 32. Qf5+ 1-0


[Site "https://www.chess.com"]